[Event "*** SCC Grand Prix: Titled Tuesday Blitz"]
[Site "Chess.com"]
[Date "2020.07.07"]
[Round "2"]
[White "UCantHandleDenker"]
[Black "rpragchess"]
[Result "0-1"]
[WhiteElo "2536"]
[BlackElo "2815"]
[TimeControl "180+1"]
[EndTime "10:19:10 PDT"]
[Termination "rpragchess won on time"]

1. Nf3 Nf6 2. g3 b6 3. Bg2 Bb7 4. O-O g6 5. c4 c5 6. Nc3 Bg7 7. d4 cxd4 8. Qxd4 O-O 9. Qh4 d6 10. Rd1 Nbd7 11. Bh6 Rc8 12. b3 Rc5 13. Bxg7 Kxg7 14.
Rac1 Qa8 15. Qd4 Kg8 16. Ne1 Bxg2 17. Nxg2 Rfc8 18. Ne3 b5 19. Nxb5 Nb6 20. Nc3 a5 21.
Rb1 a4 22. Rd2 axb3 23. axb3 Qb7 24. Rdb2 h5 25. h4 R5c7 26. Ra2 Rd7 27. Rba1 e5 28. Qd2 d5 29. Ncxd5 Nbxd5 30. cxd5 Nxd5 31. Nxd5 Rxd5 32. Qe3 Rb5 33. Ra7 Qd5 34. Rc1 Rxc1+ 35. Qxc1 Rxb3 36. Qc8+ Kg7 37. Qc1 Qe4 38. Ra1 Qxe2 39. Qf1 Qf3 0-1

[Event "*** SCC Grand Prix: Titled Tuesday Blitz"]
[Site "Chess.com"]
[Date "2020.07.07"]
[Round "2"]
[White "Bazarov04"]
[Black "peixe64"]
[Result "0-1"]
[WhiteElo "2620"]
[BlackElo "2330"]
[TimeControl "180+1"]
[EndTime "10:19:10 PDT"]
[Termination "peixe64 won by checkmate"]

1. d4 Nf6 2. Nf3 g6 3. c4 Bg7 4. Nc3 d5 5. Qb3 dxc4 6. Qxc4 c6 7. e4 O-O 8. Be2 b5 9. Qb3 Be6 10. Qc2 Qa5 11. O-O b4 12. Nb1 b3 13. Qd3 bxa2 14.
Nc3 Rd8 15. Ng5 Bb3 16. e5 Nd5 17. Nce4 h6 18. Nxf7 Kxf7 19. Qxb3 Nd7 20. Rxa2 Qb6 21. e6+ Kxe6 22. Qh3+ Kf7 23. Bxh6 Rh8 24. Qxd7 Rxh6 25. Bc4 Rd8 26. Qg4 Qxd4 27. Ng5+ Ke8 28. Qxd4 Bxd4 29. Ne6 Be5 30. g3 Rd6 31. Ng5 Nf6 32. Kg2 Rd4 33.
Bf7+ Kf8 34. Bb3 Ke8 35. Rxa7 Rd2 36. Bc4 Ng4 37. Nh3 Ne3+ 38. Kf3 Nxc4 39. Re1 Bd6 40.
Ng5 Rh5 41. Ne4 Rf5+ 42. Kg2 Rc2 43. b3 Ne5 44. Nxd6+ exd6 45. g4 Rf4 46. Kg3 Rxg4+ 47. Kh3 Rc3+ 48. f3 Rxf3# 0-1

[Event "*** SCC Grand Prix: Titled Tuesday Blitz"]
[Site "Chess.com"]
[Date "2020.07.07"]
[Round "2"]
[White "Manukyan_Artak"]
[Black "reniite"]
[Result "1-0"]
[WhiteElo "2352"]
[BlackElo "1900"]
[TimeControl "180+1"]
[EndTime "10:19:10 PDT"]
[Termination "Manukyan_Artak won by resignation"]

1. e4 e5 2. Nf3 Nf6 3. Nxe5 d6 4. Nf3 Nxe4 5. Nc3 Nxc3 6. dxc3 Be7 7. Be3 Nc6 8. Qd2 Be6 9. O-O-O Ne5 10. Nd4 Bc4 11. f4 Bxf1 12. fxe5 Ba6 13. Nf5 dxe5 14. Nxg7+ Kf8 15.
Nf5 Qxd2+ 16. Rxd2 h5 17. Rd7 Bd6 18. Rd1 Ke8 19. Nxd6+ Kxd7 20. Nxf7+ Ke6 21. Nxh8 Rxh8 22. b3 Rg8 23. g3 Be2 24. Re1 Bg4 25. Bf4 Rd8 26.
Rxe5+ Kd7 27. Rg5 c5 28. Rxc5 Re8 29. Rc7+ Kd8 30. Rxb7 Re1+ 31. Kb2 Re2 32. Rxa7 Bf5 33. c4 Rxc2+ 34. Ka3 Rxh2 35. Kb4 Bb1 36. a4 Rb2 37. Rb7 Ba2 38. Ka3 Rc2 39. a5 Bb1 40. Kb4 Ra2 41.
Kb5 Bc2 42. b4 Ba4+ 43. Kb6 Bc2 44. b5 Be4 45. Rg7 Bf3 46. a6 Ra1 47. a7 Ra2 48.
c5 Ra3 49. c6 Be4 50. Rg8+ Ke7 51. a8=Q Rxa8 52. Rxa8 h4 53. gxh4 1-0

[Event "*** SCC Grand Prix: Titled Tuesday Blitz"]
[Site "Chess.com"]
[Date "2020.07.07"]
[Round "2"]
[White "wonderfultime"]
[Black "AleksanderHnydiuk"]
[Result "1-0"]
[WhiteElo "3010"]
[BlackElo "2596"]
[TimeControl "180+1"]
[EndTime "10:19:11 PDT"]
[Termination "wonderfultime won on time"]

1. d4 Nf6 2. Nf3 e6 3. Bf4 c5 4.
c3 Be7 5. e3 b6 6. Bd3 O-O 7. O-O Ba6 8. Bxa6 Nxa6 9. Qd3 Qc8 10. Nbd2 Qb7 11. h3 Rac8 12. a3 Rfd8 13. b4 cxd4 14.
cxd4 Nc7 15. Rfc1 Ncd5 16. Be5 Rxc1+ 17. Rxc1 Rc8 18. Rc4 d6 19. Bg3 Rxc4 20. Qxc4 Qc7 21. Qa6 Nc3 22. Qd3 Qc6 23. Bh4 Kf8 24. Bxf6 Bxf6 25. Qxh7 Nb5 26. Qd3 Qc1+ 27. Kh2 Nxa3 28. Qa6 Nb1 29. Ne4 Qc2 30. Qb7 Bd8 31. d5 Qxe4 32.
Qd7 Bf6 33. Qc8+ Ke7 34. Qc7+ Ke8 35. Qc6+ Ke7 36. Qb7+ Ke8 37. Qa8+ Ke7 38. Qxa7+ Ke8 39. Qa8+ Ke7 40. Qb7+ Ke8 41. Qc6+ Ke7 42. Qc7+ Ke8 43. Qc6+ Ke7 44. Qxb6 Qxd5 45. b5 Be5+ 46. Nxe5 Qxe5+ 47. f4 Qe4 48. Qc7+ Kf6 49. b6 Nd2 50. Qxd6 Nf1+ 51.
Kg1 Nxe3 52. Qe5+ Qxe5 53. fxe5+ Kxe5 54. b7 1-0

[Event "*** SCC Grand Prix: Titled Tuesday Blitz"]
[Site "Chess.com"]
[Date "2020.07.07"]
[Round "2"]
[White "LittlePeasant"]
[Black "Balla_Tamas"]
[Result "0-1"]
[WhiteElo "2744"]
[BlackElo "2528"]
[TimeControl "180+1"]
[EndTime "10:19:11 PDT"]
[Termination "Balla_Tamas won by resignation"]

1. d4 Nf6 2. c4 e6 3. Nc3 Bb4 4. e3 O-O 5. Bd2 d5 6. Rc1 c6 7. Nf3 Nbd7 8. Be2 Qe7 9. O-O dxc4 10. Bxc4 e5 11. Qc2 Bd6 12. Ne4 Nxe4 13. Qxe4 exd4 14. Qxe7 Bxe7 15. Nxd4 Ne5 16. Be2 Rd8 17. Bc3 Bf6 18. h3 Bd7 19. f4 Ng6 20. g4 c5 21. Nf3 Bxc3 22. Rxc3 b6 23. f5 Ne7 24. Ne5 f6 25. Bc4+ Kf8 26. Nxd7+ Rxd7 27. Rd3 Rxd3 28. Bxd3 Rd8 29. Be4 Rd2 30. Rf2 Rxf2 31. Kxf2 Nc8 32. Bd5 Ke7 33. Ke2 Kd6 34. Bg8 h6 35. Kd3 Ke5 36.
Be6 Nd6 37. Bd7 Ne4 38. Kc4 Kd6 39. Bc8 Nf2 40. Bb7 Nxh3 41. Kd3 Ng5 42. a3 Ke5 43. Kc4 Kd6 44. Kb5 Nf7 45. Ka6 Kc7 46. Bf3 Ne5 47. Be2 Kb8 48. Bd1 g6 49. fxg6 Nxg6 50. Bc2 Ne5 51. Bf5 Nf7 52. b4 Nd6 53. Be6 c4 54. a4 c3 55. Bb3 f5 56. gxf5 Nxf5 57. e4 Nd4 58. e5 Nxb3 0-1

[Event "*** SCC Grand Prix: Titled Tuesday Blitz"]
[Site "Chess.com"]
[Date "2020.07.07"]
[Round "2"]
[White "AnishOnYoutube"]
[Black "GameOverBro"]
[Result "1-0"]
[WhiteElo "2726"]
[BlackElo "2495"]
[TimeControl "180+1"]
[EndTime "10:19:11 PDT"]
[Termination "AnishOnYoutube won on time"]

1. e4 d6 2. d4 Nf6 3. Nc3 e5 4. Nf3 Nbd7 5. Bc4 Be7 6. O-O c6 7. a4 h6 8. Ba2 Qc7 9. Re1 Nf8 10. d5 Ng6 11. h3 O-O 12. Be3 Bd7 13. Qd2 Kh7 14. Bb3 Nh5 15. Ne2 c5 16. Bc4 Nh4 17. Nxh4 Bxh4 18. g3 Be7 19. g4 Nf6 20. Ng3 Ng8 21.
Nf5 Qd8 22. f4 Bxf5 23. exf5 exf4 24. Bxf4 Bg5 25. c3 Bxf4 26. Qxf4 Nf6 27. Re2 Re8 28. Rae1 Rxe2 29. Rxe2 Kg8 30. Kg2 a6 31. h4 Nh7 32.
Kg3 Rb8 33. a5 Qf6 34. Bd3 Kf8 35. Qe3 Rd8 36. Bc4 Rb8 37. Bd3 Rd8 38. Bc2 Rb8 39. Ba4 Kg8 40. Qf4 Rd8 41. Re3 Rb8 42. Qe4 Nf8 43.
Qe7 Kh7 44. Qxf6 gxf6 45. Re7 Kg7 46. Be8 Kg8 47. Bxf7+ Kg7 48. Kf4 b6 49. Be6+ Kh8 50. g5 fxg5+ 51. hxg5 hxg5+ 52. Kxg5 bxa5 53. Rf7 Nh7+ 54. Kh6 Nf8 55. f6 a4 56. Rg7 Nxe6 57. dxe6 1-0

[Event "*** SCC Grand Prix: Titled Tuesday Blitz"]
[Site "Chess.com"]
[Date "2020.07.07"]
[Round "2"]
[White "Beca95"]
[Black "IwkooO"]
[Result "0-1"]
[WhiteElo "2907"]
[BlackElo "2589"]
[TimeControl "180+1"]
[EndTime "10:19:12 PDT"]
[Termination "IwkooO won by resignation"]

1. d4 Nf6 2. c4 e6 3. Nc3 Bb4 4. Qc2 O-O 5. Nf3 d5 6. a3 Bxc3+ 7. Qxc3 Ne4 8. Qc2 Nc6 9. e3 f5 10. b4 Bd7 11. Be2 Be8 12. b5 Ne7 13. Ne5 Ng6 14.
O-O f4 15. f3 Nd6 16. a4 Nf5 17. Bd3 fxe3 18. Bxf5 Rxf5 19. Bxe3 Nxe5 20. dxe5 Rxe5 21. Bd4 Bg6 22. Qc3 Rf5 23. Bxg7 dxc4 24. Bh6 Qf6 25.
Qxc4 Qf7 26. Rac1 Rc8 27. Rfd1 Rd5 28. Rxd5 exd5 29. Qd4 a6 30. bxa6 bxa6 31. h4 Bf5 32.
Rc6 Bd7 33. a5 Bxc6 34. Qg4+ Qg6 35. Qxc8+ Qe8 36. Qxc7 Qe1+ 37. Kh2 Qxh4+ 38. Kg1 Qxh6 39. Qd8+ Qf8 40. Qg5+ Kf7 41. Qf5+ Ke7 42. Qxh7+ Qf7 43. Qd3 Bb5 44. Qd4 Qe6 45. g4 Kd6 46. Kg2 Qe2+ 47.
Kg3 Qe5+ 48. Qxe5+ Kxe5 49. f4+ Ke4 50. f5 Ke3 51. f6 Be8 52. g5 d4 53. Kg4 d3 54.
g6 Bxg6 55. f7 Bxf7 0-1

[Event "*** SCC Grand Prix: Titled Tuesday Blitz"]
[Site "Chess.com"]
[Date "2020.07.07"]
[Round "2"]
[White "vesalhamedinia"]
[Black "ElviraBerend"]
[Result "0-1"]
[WhiteElo "2177"]
[BlackElo "2426"]
[TimeControl "180+1"]
[EndTime "10:19:12 PDT"]
[Termination "ElviraBerend won by resignation"]

1. d4 Nf6 2. c4 e6 3. Nf3 Bb4+ 4. Nbd2 O-O 5. a3 Be7 6. e4 d6 7. Bd3 e5 8. d5 a5 9. O-O Na6 10. Bc2 c6 11. Re1 Nc5 12. Nf1 cxd5 13. exd5 a4 14. Be3 Qa5 15. Ng3 Bd7 16. h3 Rfe8 17. Bd2 Qc7 18.
Bb4 Bf8 19. Nd2 g6 20. Nde4 Ncxe4 21. Nxe4 Nxe4 22. Rxe4 f5 23. Re1 Qxc4 24. Rc1 Qb5 25. Qf3 e4 26. Qg3 Qxd5 27. Red1 Qe5 28. Qxe5 Rxe5 29.
Bxd6 Bxd6 30. Rxd6 Bc6 31. Rcd1 Kg7 32. Bb1 Rae8 33.
Ba2 R8e7 34. Rd8 Rb5 35. Rg8+ Kh6 36. Rd2 e3 37. fxe3 Rxe3 38. Rf8 Rbe5 39. Rf7 Re2 40.
Rxe2 Rxe2 41. g4 Rxb2 42. Be6 fxg4 43. hxg4 Re2 44. Bc8 Re3 45. Bxb7 Bxb7 46. Rxb7 Rxa3 47. Ra7 Kg5 48. Kg2 h6 49. Rb7 Kxg4 50. Rb4+ Kh5 51. Rb5+ g5 52. Ra5 Ra1 53. Kg3 a3 54. Ra4 a2 55.
Kg2 Kg6 56. Ra6+ Kf5 57. Ra5+ Ke4 58. Ra4+ Kd3 59. Ra6 h5 60. Ra5 h4 61. Kf2 Rh1 62.
Ra3+ Kc4 63. Kg2 a1=Q 0-1

[Event "*** SCC Grand Prix: Titled Tuesday Blitz"]
[Site "Chess.com"]
[Date "2020.07.07"]
[Round "2"]
[White "Crazy_girl99"]
[Black "dosto07"]
[Result "1-0"]
[WhiteElo "2436"]
[BlackElo "2202"]
[TimeControl "180+1"]
[EndTime "10:19:13 PDT"]
[Termination "Crazy_girl99 won on time"]

1. e4 e5 2. Nf3 Nc6 3. Bb5 a6 4. Ba4 Nf6 5. O-O Be7 6. Re1 b5 7. Bb3 d6 8. c3 O-O 9. d4 Bg4 10. Be3 Na5 11. dxe5 Bxf3 12. Qxf3 dxe5 13. Nd2 Nxb3 14.
Nxb3 Qc8 15. a4 Qg4 16. Qxg4 Nxg4 17. Bc5 Bxc5 18. Nxc5 Rfd8 19. f3 Nf6 20. Kf2 Kf8 21. Ke2 c6 22. b4 Ke7 23. Red1 Nd7 24. Nb3 Nb6 25. Rxd8 Kxd8 26. a5 Na4 27. Kd2 Kc7 28.
Kc2 Rd8 29. Re1 c5 30. g3 c4 31. Nc1 g5 32. Rf1 Rd6 33. Rf2 Kd7 34. f4 gxf4 35. gxf4 Rf6 36. Rd2+ Kc6 37. fxe5 Rf3 38. Ne2 Rh3 39.
Ng3 Rh4 40. Rd6+ Kb7 41. Rd2 Rh3 42. Rf2 Kc6 43. Rf6+ Kd7 44. Rxf7+ Ke6 45. Rf2 Kxe5 46. Kd2 Rh4 47. Rf5+ Ke6 48. Rh5 Rf4 49. Rxh7 Rf2+ 50. Ke3 Rc2 51. Rh6+ Ke7 52. Rxa6 Rxc3+ 53. Kf4 Rb3 54. Ke5 c3 55. Ra7+ Kf8 56. Ne2 Rb2 57.
Nf4 c2 58. Kf6 Ke8 59. Re7+ Kd8 60. Ne6+ Kc8 61. Rc7+ Kb8 62. e5 1-0

[Event "*** SCC Grand Prix: Titled Tuesday Blitz"]
[Site "Chess.com"]
[Date "2020.07.07"]
[Round "2"]
[White "FLamps8"]
[Black "IMHansNiemann"]
[Result "0-1"]
[WhiteElo "2578"]
[BlackElo "2929"]
[TimeControl "180+1"]
[EndTime "10:19:14 PDT"]
[Termination "IMHansNiemann won on time"]

1. d4 g6 2. e4 Bg7 3. Nc3 d6 4. Be3 Nf6 5. Qd2 c6 6. f3 Nbd7 7. Bh6 Bxh6 8. Qxh6 b5 9. a4 b4 10. Nd1 e5 11. dxe5 Nxe5 12. Ne2 Qe7 13. Ne3 Bb7 14.
Nd4 O-O-O 15. O-O-O Rhe8 16. Nc4 d5 17. Na5 dxe4 18. Nxb7 Kxb7 19. Be2 exf3 20. Bxf3 Nxf3 21. Nxf3 Rxd1+ 22. Rxd1 Qe3+ 23. Qxe3 Rxe3 24. Rd4 Nd5 25. Kd2 Re7 26. c4 bxc3+ 27. bxc3 f5 28. Rh4 Kc7 29.
Ng5 Nf6 30. Rc4 h6 31. Nf3 Kd6 32. Rd4+ Kc5 33. Rd8 Rd7+ 34. Rxd7 Nxd7 35. Nh4 Ne5 36. Ke3 Kd5 37. h3 a5 38. g3 c5 39. Ng2 g5 40. Kd2 Ke4 41. Ne3 f4 42. gxf4 gxf4 43.
Nf1 Nc4+ 44. Ke2 f3+ 45. Kf2 Kd3 46. Kxf3 Kxc3 47. Kg4 Nd2 48. Ne3 Kd3 49. Nd5 Kd4 50. Nf4 c4 51. Kh5 c3 52. Kxh6 c2 53. Ne2+ Ke3 54.
Nc1 Ne4 55. Kg6 Kd2 56. Nb3+ Kc3 57. Nc1 Kb2 58. Nd3+ Kb1 59. h4 Nc5 60. Nxc5 c1=Q 61. Ne4 Qc2 62. Kf5 Qh2 0-1

[Event "*** SCC Grand Prix: Titled Tuesday Blitz"]
[Site "Chess.com"]
[Date "2020.07.07"]
[Round "2"]
[White "Aradej"]
[Black "Dyadya81"]
[Result "0-1"]
[WhiteElo "2502"]
[BlackElo "2736"]
[TimeControl "180+1"]
[EndTime "10:19:14 PDT"]
[Termination "Dyadya81 won by resignation"]

1. d4 Nf6 2. Nf3 g6 3. e3 Bg7 4.
Be2 O-O 5. O-O c5 6. dxc5 Qc7 7. a3 Qxc5 8. b4 Qc7 9. Bb2 a5 10. c4 axb4 11. axb4 Rxa1 12. Bxa1 Nc6 13. Qb3 d6 14.
Nc3 Bg4 15. h3 Bf5 16. Nb5 Qb6 17. Bc3 Ra8 18. Rc1 Ne4 19. Bxg7 Kxg7 20. Nfd4 Nxd4 21. Nxd4 e5 22. Nxf5+ gxf5 23. Qb2 Ra4 24. Rb1 Qa7 25. Qc1 Ra2 26. Qe1 Qa3 27. Bf3 Nxf2 28. Bxb7 f4 29.
exf4 Qg3 30. Kf1 Qxf4 31. Kg1 Qd4 32. Kh2 Qf4+ 33. Kg1 Qg3 34. Kf1 Qh2 35. Qxf2 Rxf2+ 36. Kxf2 Qf4+ 37. Kg1 Qxc4 38. b5 Qd4+ 39. Kh1 Qd3 40. Rb2 Qc3 41. Rb1 Qc2 42. Rf1 Qe2 43. Rb1 Qd3 44.
Rb2 e4 45. b6 Qd4 46. Rb1 Qd3 47. Rb2 Qf1+ 48. Kh2 Qf4+ 49. g3 Qc1 50. Re2 Qb1 51.
Bxe4 Qxb6 52. Bg2 Qd4 53. Re4 Qd2 54. Rg4+ Kf8 55. Rf4 h6 56. Rf5 Ke7 57. Rd5 Qe3 58. h4 Ke6 59. Rd1 Qf2 60. Rf1 Qd2 61. Kh3 d5 62.
Rf4 f5 63. Ra4 d4 64. Ra6+ Ke5 65. Rxh6 Qxh6 0-1

[Event "*** SCC Grand Prix: Titled Tuesday Blitz"]
[Site "Chess.com"]
[Date "2020.07.07"]
[Round "2"]
[White "DariaVoit"]
[Black "deep306"]
[Result "1-0"]
[WhiteElo "2485"]
[BlackElo "2649"]
[TimeControl "180+1"]
[EndTime "10:19:14 PDT"]
[Termination "DariaVoit won on time"]

1. d4 e6 2. Nf3 Nf6 3. c4 b6 4. g3 Bb7 5. Bg2 Be7 6. Nc3 O-O 7. Qc2 d5 8. Ne5 c5 9. dxc5 bxc5 10.
cxd5 exd5 11. O-O Na6 12. Rd1 Bd6 13. Nc4 Nb4 14. Qd2 Be7 15. a3 Qc7 16. Qf4 Qxf4 17.
Bxf4 Nc2 18. Rac1 Nd4 19. Na5 Ba6 20. e3 Ne2+ 21. Nxe2 Bxe2 22. Rd2 Bb5 23. Bg5 Rad8 24. Bxf6 gxf6 25. Bxd5 Kg7 26. e4 Rd6 27. Nb3 Rc8 28. Rdc2 Rb6 29. Nxc5 Be8 30. b4 a5 31. bxa5 Rb5 32. a6 Rcxc5 33. a7 Rxc2 34. Rxc2 Ra5 35. a8=Q Rxa8 36. Bxa8 Bxa3 37. Bd5 Bd6 38. Ra2 Bc5 39. Kg2 Bd7 40. Ra5 Bd4 41. Ra2 Kg6 42. f4 h5 43.
Kf3 f5 44. e5 Bc5 45. Rc2 Bd4 46. Rc7 Be6 47. Bxe6 fxe6 48. Re7 1-0

[Event "*** SCC Grand Prix: Titled Tuesday Blitz"]
[Site "Chess.com"]
[Date "2020.07.07"]
[Round "2"]
[White "harlem4brew"]
[Black "Tsyhanchuk_Stanislav"]
[Result "0-1"]
[WhiteElo "2127"]
[BlackElo "2412"]
[TimeControl "180+1"]
[EndTime "10:19:14 PDT"]
[Termination "Tsyhanchuk_Stanislav won by checkmate"]

1. e4 c5 2. Nf3 Nc6 3. d4 cxd4 4. Nxd4 Qb6 5. Nb3 Nf6 6. Nc3 e6 7. Be3 Qc7 8. Nb5 Qb8 9. f3 a6 10. N5d4 b5 11. Nxc6 dxc6 12. c4 Bb4+ 13. Kf2 Be7 14. Na5 Qc7 15. Qe1 b4 16. Nb3 c5 17. g3 O-O 18. Bg2 e5 19. Nc1 a5 20. b3 a4 21. Nd3 Be6 22. Qc1 Rfd8 23. Rd1 h5 24. Qb2 Nd7 25. f4 f6 26. f5 Bf7 27. Ne1 Nb6 28.
Nc2 Bxc4 29. bxc4 Nxc4 30. Qc1 Rxd1 31. Qxd1 Nxe3 32. Nxe3 Rd8 33. Nd5 Qa7 34. Qe2 c4+ 35. Kf1 c3 36. Qc4 Kh8 37. Re1 Qd4 38. Qxd4 exd4 39.
Nxe7 d3 40. Nc6 d2 41. Nxd8 c2 42. Nf7+ Kg8 43. e5 dxe1=Q+ 44. Kxe1 c1=Q+ 45. Ke2 Kxf7 46. Bd5+ Ke7 47. exf6+ Kxf6 48. Be6 Qb2+ 49. Kf3 b3 50. axb3 axb3 51. g4 Qc3+ 52. Kf4 Qd4+ 53. Kf3 hxg4+ 54. Kg3 b2 55. Ba2 Kxf5 56. Bb1+ Kg5 57. h4+ gxh3 58. Kxh3 Qe3+ 59. Kg2 Kf4 60. Bc2 Qg3+ 61. Kf1 Ke3 62. Bd3 Qf2# 0-1

[Event "*** SCC Grand Prix: Titled Tuesday Blitz"]
[Site "Chess.com"]
[Date "2020.07.07"]
[Round "2"]
[White "elohunter1999"]
[Black "IMUffeVinther-Schou"]
[Result "1/2-1/2"]
[WhiteElo "2449"]
[BlackElo "2258"]
[TimeControl "180+1"]
[EndTime "10:19:15 PDT"]
[Termination "Game drawn by repetition"]

1. e4 c5 2. Nf3 e6 3. d4 cxd4 4. Nxd4 a6 5. Bd3 b5 6. O-O Bb7 7. a4 b4 8. Nd2 Nc6 9. Nxc6 Bxc6 10. Qe2 Nf6 11. a5 Bc5 12. Nc4 O-O 13. Bg5 Be7 14. e5 Nd5 15. Bxe7 Qxe7 16. Qh5 g6 17. Qh6 f5 18. exf6 Qxf6 19. Rae1 Nf4 20. f3 Qd4+ 21. Kh1 Nxd3 22. cxd3 Qxd3 23. Ne5 Qf5 24. Nxc6 dxc6 25. Qe3 Rfe8 26. Qb3 c5 27. Re4 Qd5 28. Qe3 Rad8 29. Re1 Rd6 30. b3 Rc6 31. Rc4 e5 32. Rec1 Rec8 33. h3 Kg7 34. Re4 Re8 35. Qe2 h6 36. f4 Qxb3 37. fxe5 c4 38. Rcxc4 Rxc4 39. Rxc4 Qb1+ 40.
Kh2 Qf5 41. Rc7+ Kh8 42. Rc5 Qf4+ 43. g3 Qd4 44. Qc4 Qd2+ 45. Kg1 Rf8 46. Rc8 Qf2+ 47. Kh1 Qe1+ 48. Kg2 Qf2+ 49. Kh1 Qe1+ 50. Kg2 Qf2+ 51.
Kh1 1/2-1/2

[Event "*** SCC Grand Prix: Titled Tuesday Blitz"]
[Site "Chess.com"]
[Date "2020.07.07"]
[Round "2"]
[White "dennisodessa"]
[Black "Maili15"]
[Result "0-1"]
[WhiteElo "2434"]
[BlackElo "2245"]
[TimeControl "180+1"]
[EndTime "10:19:15 PDT"]
[Termination "Maili15 won by checkmate"]

1. d4 d5 2. c4 e6 3. Nc3 c6 4.
Nf3 dxc4 5. a4 Bb4 6. e3 b5 7.
Be2 Bb7 8. O-O Bxc3 9. bxc3 Nf6 10. Ne5 a6 11. Qc2 Qc7 12. Ba3 Nbd7 13. f4 Nd5 14.
Qd2 f5 15. g4 N7f6 16. Bf3 g6 17. Rae1 O-O-O 18. g5 Ne8 19. Ra1 Rg8 20. h4 Nd6 21. Bc5 Nb6 22. Rfb1 Kb8 23. Qa2 Nd5 24. Bxd5 exd5 25.
axb5 cxb5 26. Qa3 Ne4 27. Be7 Rde8 28. Bd6 Nxd6 29. Kf2 Ne4+ 30. Kf3 h6 31. Kg2 hxg5 32. hxg5 Rh8 33. Rh1 Rxh1 34. Rxh1 Qg7 35. Qa1 Rh8 36. Kf3 Rxh1 37. Qxh1 Nxc3 38. Kg2 Ne4 39. Qh6 Qxh6 40.
gxh6 Nf6 41. Nd7+ Nxd7 42. Kf1 Nf6 43. Ke2 Kc7 44. Kd2 Kd6 45. Kc3 Ke7 46. e4 fxe4 47. Kb4 Kf8 48. Kc5 e3 49. Kb6 e2 50. Kxb7 e1=Q 51. Kxa6 Qe7 52. Kxb5 Qc7 53. Ka4 c3 54. Kb4 c2 55. h7 Nxh7 56. Kb5 c1=Q 57. Kb4 Qb1+ 58. Ka3 Qa7# 0-1

[Event "*** SCC Grand Prix: Titled Tuesday Blitz"]
[Site "Chess.com"]
[Date "2020.07.07"]
[Round "2"]
[White "CarlosAlbornoz"]
[Black "regular_legs"]
[Result "1-0"]
[WhiteElo "2798"]
[BlackElo "2526"]
[TimeControl "180+1"]
[EndTime "10:19:16 PDT"]
[Termination "CarlosAlbornoz won by resignation"]

1. e4 c6 2. d4 d5 3. e5 Bf5 4. Nf3 e6 5. Be2 Ne7 6. O-O Ng6 7. c3 Nd7 8. Ne1 h5 9. Bd3 Bxd3 10. Nxd3 c5 11. f4 Nh4 12. Be3 Nf5 13. Bf2 c4 14. Ne1 b5 15. Nc2 a5 16. Ne3 g6 17. Nd2 b4 18. Nxf5 gxf5 19. Nf3 Be7 20. b3 Nb6 21. Rc1 Qd7 22. Kh1 O-O-O 23. bxc4 Nxc4 24. Nd2 Nxd2 25.
Qxd2 Kb8 26. cxb4 axb4 27. a3 Rc8 28. axb4 Rxc1 29. Rxc1 Rc8 30. Ra1 Qb7 31. Be1 Rc4 32.
Qa2 Rxd4 33. Bf2 Rxb4 34. Bg1 Rxf4 35. Qe2 h4 36. Qh5 Rc4 37. Qxf7 h3 38. Qe8+ Rc8 39.
Ba7+ Qxa7 40. Qxc8+ Kxc8 41. Rxa7 hxg2+ 42. Kxg2 Bg5 43. Kf3 Kd8 44. Rh7 Ke8 45. h4 Bc1 46. h5 Kf8 47. Rc7 Bd2 48. Rc6 Kf7 49. Rc7+ Kg8 50. Re7 d4 51. Rxe6 Kg7 52. Rf6 Bg5 53. Rg6+ Kh7 54. Rxg5 1-0

[Event "*** SCC Grand Prix: Titled Tuesday Blitz"]
[Site "Chess.com"]
[Date "2020.07.07"]
[Round "2"]
[White "Agent-JL"]
[Black "ZiggyStardust64"]
[Result "0-1"]
[WhiteElo "2470"]
[BlackElo "2674"]
[TimeControl "180+1"]
[EndTime "10:19:16 PDT"]
[Termination "ZiggyStardust64 won on time"]

1. d4 e6 2. c4 Nf6 3. Nf3 Bb4+ 4. Nbd2 O-O 5. e3 d5 6. Bd3 dxc4 7. Bxc4 a6 8. O-O b5 9. Bd3 Bb7 10. a3 Be7 11. b4 a5 12. bxa5 c5 13. Bxb5 Qxa5 14. a4 cxd4 15. Nxd4 Rd8 16. Nc4 Qc7 17. Qb3 Nbd7 18.
Ba3 Nc5 19. Bxc5 Bxc5 20. Ne2 Ne4 21. Ng3 Nxg3 22. hxg3 Bd5 23. Qc2 Qb7 24. f3 Rac8 25. Qe2 Qa7 26. Kf2 Bxc4 27. Bxc4 Bxe3+ 28. Qxe3 Rd2+ 29. Be2 Rxe2+ 30. Kxe2 Rc2+ 31. Qd2 Qa6+ 32. Ke3 Rxd2 33. Kxd2 h5 34. Rfb1 Qd6+ 35. Ke2 Qxg3 36. Kf1 Qg6 37. Rb3 Qc2 38. Rb8+ Kh7 39. Rbb1 Qc4+ 40.
Kg1 Qd4+ 41. Kh2 Qh4+ 42. Kg1 Qd4+ 43. Kf1 Qd3+ 44. Kf2 Qd2+ 45. Kf1 h4 46. Ra3 Qc2 47.
Rab3 Qc4+ 48. Kg1 Qxa4 49. Rb4 Qa7+ 50. Kh1 Qf2 51. Rf4 f6 52. Rg4 Kh6 0-1

[Event "*** SCC Grand Prix: Titled Tuesday Blitz"]
[Site "Chess.com"]
[Date "2020.07.07"]
[Round "2"]
[White "SavelievAlexei"]
[Black "Margarita2907"]
[Result "0-1"]
[WhiteElo "2379"]
[BlackElo "2099"]
[TimeControl "180+1"]
[EndTime "10:19:16 PDT"]
[Termination "Margarita2907 won on time"]

1. e4 c5 2. Nf3 d6 3. d4 cxd4 4. Nxd4 Nf6 5. Nc3 a6 6. Be2 e5 7. Nb3 Be7 8. Be3 O-O 9. g4 Nc6 10. g5 Ne8 11. h4 Be6 12. Bg4 Qc8 13. Bxe6 Qxe6 14. Nd5 f5 15. gxf6 Bxf6 16. Qd2 Ne7 17. O-O-O Nxd5 18. exd5 Qd7 19. f4 exf4 20. Bxf4 Nc7 21.
Qb4 Nb5 22. a4 Nc7 23. Qxd6 Qxd6 24. Bxd6 Rfc8 25. h5 Ne8 26. Ba3 Rd8 27. c4 Rac8 28.
c5 Nd6 29. Kb1 Nc4 30. Bb4 Ne3 31. d6 Nxd1 32. Rxd1 Rd7 33. Na5 Re8 34. Nc4 Re4 35. Nb6 Rd8 36. Ba3 Re2 37. Nd5 Be5 38. Nc7 Rh2 39.
d7 Bxc7 40. c6 bxc6 41. Be7 Rxd7 42. Rxd7 Bf4 0-1

[Event "*** SCC Grand Prix: Titled Tuesday Blitz"]
[Site "Chess.com"]
[Date "2020.07.07"]
[Round "2"]
[White "H3nriqueTV"]
[Black "Chesswizard_2007"]
[Result "0-1"]
[WhiteElo "2233"]
[BlackElo "2453"]
[TimeControl "180+1"]
[EndTime "10:19:19 PDT"]
[Termination "Chesswizard_2007 won by resignation"]

1. e4 c5 2. Nf3 d6 3. Nc3 Nf6 4. d3 Nc6 5. g3 a6 6. Bg2 g6 7. O-O Bg7 8. h3 O-O 9. Be3 Bd7 10. Qd2 b5 11. Bh6 e5 12. Bxg7 Kxg7 13. Nh2 Qc8 14. g4 h5 15. f4 hxg4 16. fxe5 Nh5 17.
Nd5 gxh3 18. Bf3 Ng3 19. Qg5 Nxf1 20. Qf6+ Kg8 21. Rxf1 Qd8 22. Qxd6 Qg5+ 23. Kh1 Rad8 24. Nf6+ Kg7 25. Nxd7 Rxd7 26. Qxd7 Nxe5 27. Qxh3 Rh8 28.
Qg2 Qf4 29. Bd1 Rxh2+ 30. Qxh2 Qxf1+ 31. Qg1 Qh3+ 32. Qh2 Qf1+ 33. Qg1 Qxg1+ 34. Kxg1 Kf6 35. Kf2 Nc6 36. c3 Ke5 37. Ke3 b4 38. Bb3 f6 39.
Bd5 bxc3 40. bxc3 Ne7 41. d4+ Kd6 42. Bf7 a5 43. Kf4 g5+ 44. Kg4 cxd4 45. cxd4 Nc6 46. Kf5 Ke7 47. Bd5 Nxd4+ 48. Kg4 Kd6 49. Kh5 Ke5 50. Kg6 Ne2 51. Kh5 Nc3 52. Bb7 a4 53.
a3 Nb5 54. Bc6 Nc3 55. Bxa4 Nxa4 0-1

[Event "*** SCC Grand Prix: Titled Tuesday Blitz"]
[Site "Chess.com"]
[Date "2020.07.07"]
[Round "2"]
[White "CroissantNeuf"]
[Black "Bhagya_2312"]
[Result "1-0"]
[WhiteElo "2409"]
[BlackElo "2124"]
[TimeControl "180+1"]
[EndTime "10:19:19 PDT"]
[Termination "CroissantNeuf won on time"]

1. e4 c6 2. Nc3 d5 3. Nf3 Bg4 4. h3 Bxf3 5. Qxf3 Nf6 6. Be2 e6 7. O-O Bc5 8. Rd1 Bd4 9. d3 Nbd7 10. Bf4 Ne5 11. Qg3 Ng6 12. e5 Nd7 13. Bh5 Nxf4 14. Qxf4 O-O 15. Qxd4 Qg5 16. Be2 c5 17. Qe3 Qg6 18.
Qf4 f6 19. exf6 Rxf6 20. Qg4 Qf7 21. Rf1 Ne5 22. Qg3 Nc6 23. Rae1 Rf8 24. Bg4 Nd4 25. Bd1 Kh8 26. Ne2 Rg6 27. Qe3 Nf3+ 28. Kh1 Nxe1 29. Rxe1 Qxf2 30. Qxf2 Rxf2 31. Rg1 Kg8 32. d4 b6 33. c3 Kf7 34. b3 Ke7 35. a4 Kd6 36. Nc1 Rd2 37. Bf3 cxd4 38. cxd4 Rxd4 39. Ne2 Rd2 40.
Nf4 Rf6 41. Nh5 Rf7 42. Rc1 g6 43. Ng3 Rc7 44. Re1 Rc3 45. Kh2 e5 46. Bg4 h5 47.
Be2 Re3 48. Kg1 d4 49. Kf2 e4 50. Nf1 1-0

[Event "*** SCC Grand Prix: Titled Tuesday Blitz"]
[Site "Chess.com"]
[Date "2020.07.07"]
[Round "2"]
[White "yuliagok"]
[Black "FlamingPhoenix123"]
[Result "0-1"]
[WhiteElo "2099"]
[BlackElo "2401"]
[TimeControl "180+1"]
[EndTime "10:19:19 PDT"]
[Termination "FlamingPhoenix123 won on time"]

1. d4 Nf6 2. c4 e6 3. Nf3 Bb4+ 4. Bd2 c5 5. g3 Qb6 6. Bg2 Nc6 7. dxc5 Bxc5 8. O-O Ne4 9. Qc2 Nxf2 10. e3 Ng4 11.
Nc3 Bxe3+ 12. Bxe3 Nxe3 13. Qf2 Nxf1 14. Rxf1 Qxf2+ 15. Rxf2 O-O 16. Nb5 d5 17. cxd5 exd5 18. Nc7 Rb8 19. Nxd5 Be6 20. Ng5 Bg4 21. h3 Bh5 22. g4 Bg6 23. h4 h6 24. Nh3 Ne5 25. Ne7+ Kh8 26. Nxg6+ fxg6 27. Nf4 Rbe8 28. Re2 Rxf4 29.
Bxb7 Rxg4+ 30. Kf2 Rf4+ 31. Kg3 Rf5 32. Be4 Rf6 33.
Rd2 Nf7 34. Bf3 Rd8 35. Rc2 Rd3 36. Rc8+ Kh7 37. Rc3 Rdxf3+ 38. Rxf3 Rxf3+ 39. Kxf3 g5 40. h5 g6 41. hxg6+ Kxg6 42. Kg3 h5 43. Kh3 h4 44. Kg4 Ne5+ 45. Kh3 Kh5 46. b4 g4+ 47. Kg2 g3 48.
b5 Kg4 49. a4 h3+ 50. Kh1 g2+ 51. Kg1 Nf3+ 52. Kf2 g1=Q+ 0-1